 Dungeon Crawl Stone Soup version 0.19.4-8-ga85b6b9 (webtiles) character file.

70 empire the Skirmisher (level 4, -5/35 HPs)
             Began as a Mummy Fighter on Feb 13, 2017.
             Slain by an orc
             ... wielding a +0 short sword of electrocution
              (12 damage)
             ... on level 3 of the Dungeon.
             The game lasted 00:04:10 (1664 turns).

empire the Skirmisher (Mummy Fighter)               Turns: 1664, Time: 00:04:12

Health: -5/35      AC:  6    Str: 20    XL:     4   Next: 3%
Magic:  4/4        EV:  7    Int:  7    God:
Gold:   54         SH:  9    Dex: 11    Spells: 0 memorised, 3 levels left

rFire  x . .     SeeInvis .     a - +0 long sword
rCold  + . .     Gourm    .     b - +0 scale mail
rNeg   + + +     Faith    .     c - +0 shield
rPois  ∞         Spirit   .     (no helmet)
rElec  .         Reflect  .     (no cloak)
rCorr  .         Harm     .     (no gloves)
MR     .....                    (no boots)
Stlth  ..........               (no amulet)
                                (no ring)
                                (no ring)

@: very slightly contaminated
A: no food or potions, fire vulnerability, cold resistance 1, negative energy
resistance 3, torment resistance, unbreathing
a: no special abilities


You were on level 3 of the Dungeon.
You were not hungry.

You visited 1 branch of the dungeon, and saw 3 of its levels.

You collected 54 gold pieces.

Inventory:

Hand Weapons
 a - a +0 long sword (weapon)
Armour
 b - a +0 scale mail (worn)
 c - a +0 shield (worn)
Books
 d - a book of Cantrips

   Spells                             Type                      Level
   a - Confusing Touch                Hexes                        1
   b - Animate Skeleton               Necromancy                   1
   c - Summon Small Mammal            Summoning                    1
   d - Apportation                    Translocation                1


   Skills:
 + Level 3.5 Fighting
 + Level 2.2 Long Blades
 + Level 3.0 Armour
 + Level 0.4 Dodging
 + Level 2.6 Shields


You had 3 spell levels left.
You didn't know any spells.

Dungeon Overview and Level Annotations

Branches:
Dungeon (3/15)

Altars:
Kikubaaqudgha

Annotations:
D:3 Sigmund; empire's ghost, amateur FoFi


Innate Abilities, Weirdness & Mutations

You do not eat or drink.
Your flesh is vulnerable to fire.
You are immune to poison.
Your flesh is cold resistant. (rC+)
You are immune to negative energy. (rN+++)
You are immune to unholy pain and torment.
You can survive without breathing.


Message History

You see here a tomahawk.
An orc wizard comes into view. It is wielding a dagger.
You see here a scroll labeled INUCUA GODU.
e - a scroll labeled INUCUA GODU The orc wizard shouts!
You block the quokka's attack.
As you read the scroll labeled INUCUA GODU, it crumbles to dust.
You feel aware of your surroundings.
You sensed 1 altar.
It was a scroll of magic mapping.
The quokka bites you but does no damage.
The quokka bites you.
* * * LOW HITPOINT WARNING * * *
The quokka barely misses you.
A worker ant zombie comes into view.
The worker ant zombie waves its antennae.
An orc comes into view.
It is wielding a short sword of electrocution.
You slash the quokka!
You kill the quokka!
The orc hits you but does no damage.
You are electrocuted!
You die...

***********
,,,,,,,,.,* ##*
********#.* *#.#*
##.###,#.#*
*******#...#.###.##
,,,,,,,........##.#
,**,***#...#.#.#@##
,**,,,,......Z.o##
,*******...##.o##
,* **,**#..# ,* *,*
#..# ,** *,*
#..######
,,*******,*
#.......#
,,,,,,,,,,*
##.####o#
,,*********
#....o.#


You could see 2 orcs and a worker ant zombie.

Vanquished Creatures
  An adder (D:2)
  2 oozes
  A worm (D:2)
  A dart slug (D:2)
  7 bats
  A giant cockroach (D:1)
  6 goblins
  6 hobgoblins
  5 jackals (D:1)
  8 kobolds
  A quokka (D:3)
  2 frilled lizards (D:1)
  4 rats
45 creatures vanquished.

Vanquished Creatures (others)
  An orc (D:3)
1 creature vanquished.

Grand Total: 46 creatures vanquished

Notes
Turn   | Place    | Note
-------+----------+-------------------------------------------
     0 | D:1      | empire the Mummy Fighter began the quest for the Orb.
     0 | D:1      | Reached XP level 1. HP: 18/18 MP: 1/1
   160 | D:2      | Found a faded altar of an unknown god.
   176 | D:2      | Reached XP level 2. HP: 24/24 MP: 2/2
   541 | D:1      | Reached XP level 3. HP: 26/29 MP: 3/3
  1069 | D:2      | Found an ancient bone altar of Kikubaaqudgha.
  1504 | D:3      | Reached XP level 4. HP: 32/35 MP: 4/4
  1550 | D:3      | Noticed Sigmund
  1550 | D:3      | Noticed empire's ghost (amateur FoFi)
  1664 | D:3      | Slain by an orc

Skill      XL: |  1  2  3 |
---------------+----------+-----
Long Blades    | 2 |  2.2
Armour         | 3 |  3.0
Fighting       | |  3.5
Dodging        | |  0.4
Shields        | |  2.6

Action                   |  1- 3 |  4- 6 || total
-------------------------+-------+-------++-------
Melee: Long sword        |   141 |     8 ||   149
  Use: Scroll            |       |     4 ||     4
Armor: Scale mail        |    73 |    10 ||    83
Dodge: Dodged            |    54 |     6 ||    60
Block: Shield            |    85 |     4 ||    89
       Rpst.: Long sword |    20 |     1 ||    21
